 Dungeon Crawl Stone Soup version 0.31-a0-1074-g0b22e4e0f1 (webtiles) character file.

Game seed: 17857876880764534815

4845 avis the Cleaver (level 10, 0/79 (81) HPs)
             Began as a Hill Orc Summoner on Dec 6, 2023.
             Was a Priest of Beogh.
             Slain by a yak (4 damage)
             ... on level 9 of the Dungeon on Dec 8, 2023.
             The game lasted 01:29:39 (12067 turns).

avis the Cleaver (Hill Orc Summoner)               Turns: 12067, Time: 01:29:39

HP:   0/79 (81)     AC:  5    Str: 20    XL:     10   Next: 49%
MP:   3/16          EV: 11    Int: 19    God:    Beogh [***...]
Gold: 471           SH:  0    Dex: 11    Spells: 4/17 levels left

rFire   . . .        a - +3 hand axe of Spite {speed, *Corrode rElec rPois Str+8}
rCold   . . .        (no shield)
rNeg    . . .        l - +0 leather armour
rPois   +            e - +0 helmet
rElec   +            j - +2 cloak
rCorr   .            k - +0 pair of gloves
SInv    .            y - +0 pair of boots
Will    .....        B - amulet of faith
Stlth   +            r - ring of wizardry
HPRegen 0.33/turn    (no ring)
MPRegen 0.15/turn

%: corrode self (3%), faith, wizardry (x1)
@: corroded, lightly drained
A: no striking features
a: Renounce Religion, Smiting


You were on level 9 of the Dungeon.
You worshipped Beogh.
Beogh was most pleased with you.
You visited 2 branches of the dungeon, and saw 10 of its levels.

You collected 471 gold pieces.

Inventory:

Hand Weapons
 a - the +3 hand axe of Spite (weapon) {speed, *Corrode rElec rPois Str+8}
   (You found it on level 4 of the Dungeon)

   Str+8:     It affects your strength (+8).
   rElec:     It insulates you from electricity.
   rPois:     It protects you from poison *Corrode: It may corrode you when you
   take damage.
 b - a +2 war axe of electrocution
 n - a +0 dagger of electrocution
 w - a +0 whip of electrocution
 N - a +1 heavy spear
Missiles
 h - a throwing net
 m - 9 boomerangs (quivered)
 C - 20 poisoned darts
 Z - 4 curare-tipped darts
Armour
 c - a +0 chain mail
 e - a +0 helmet (worn)
 j - a +2 cloak (worn)
 k - a +0 pair of gloves (worn)
 l - a +0 leather armour (worn)
 y - a +0 pair of boots (worn)
Jewellery
 r - a ring of wizardry (left hand)
 B - an amulet of faith (around neck)
 F - a ring of protection from cold
Talismans
 o - a flux talisman
Wands
 z - a wand of flame (10)
 I - a wand of digging (7)
 P - a wand of charming (2)
Scrolls
 d - a scroll of vulnerability {unknown}
 f - 4 scrolls of blinking {unknown}
 p - a scroll of immolation {unknown}
 s - 2 scrolls of enchant armour {unknown}
 v - a scroll of silence {unknown}
 A - a scroll of poison {unknown}
 D - 4 scrolls of noise {unknown}
 H - a scroll of amnesia {unknown}
 K - a scroll of fog {unknown}
 L - 2 scrolls of revelation {unknown}
 V - 2 scrolls of teleportation {unknown}
Potions
 g - a potion of curing
 i - a potion of cancellation
 t - a potion of enlightenment
 u - a potion of lignification {unknown}
 x - a potion of degeneration {unknown}
 E - 2 potions of haste {unknown}
 G - a potion of heal wounds {unknown}
 M - a potion of brilliance {unknown}
 Y - 2 potions of might {unknown}


   Skills:
 - Level 5.0 Fighting
 + Level 12.5 Axes
 - Level 1.5 Dodging
 - Level 1.5 Stealth
 - Level 4.0 Spellcasting
 - Level 6.0 Summonings
 - Level 4.0 Air Magic
 * Level 8.8 Invocations


You had 4 spell levels left.
You knew the following spells:

 Your Spells              Type           Power      Damage    Failure   Level
a - Summon Small Mammal   Summ           100%       N/A       1%          1
c - Call Imp              Summ           52%        N/A       1%          2
d - Call Canine Familiar  Summ           26%        N/A       1%          3
g - Summon Guardian Gole  Hex/Summ       15%        N/A       6%          3
l - Summon Lightning Spi  Summ/Air       22%        N/A       9%          4

Your spell library contained the following spells:

 Spells                   Type           Power      Damage    Failure   Level
 Lesser Beckoning         Tloc           6%         N/A       10%         2
 Gell's Gravitas          Tloc           3%         N/A       19%         3
 Teleport Other           Tloc           3%         N/A       19%         3
 Chain Lightning          Conj/Air       5%         3d7       100%        9
 Fire Storm               Conj/Fire      1%         8d1       100%        9
 Shatter                  Erth           1%         3d6*      100%        9


Dungeon Overview and Level Annotations

Branches:
Dungeon (9/15)             Temple (1/1) D:5
   Lair: D:8-11         Orc: D:9-12

Altars:
Ashenzari
Cheibriados
Dithmenos
Elyvilon
Fedhas
Gozag
Hepliaklqana
Kikubaaqudgha
Makhleb
Nemelex Xobeh
Okawaru
Qazlal
Ru
Sif Muna
Trog
Uskayaw
Vehumet
Wu Jian
Xom
Yredelemnul
Zin
The Shining One

Shops:
D:5 [   D:8 (

Annotations:
D:9 Psyche


Message History

The arc of chaos hits your guardian golem.
Your guardian golem completely resists.
You hit the yak but do no damage.
You hear a zap.
An iceblast appears from out of thin air!
The mass of ice explodes!
The iceblast engulfs your guardian golem.
Your guardian golem partially resists.
The iceblast engulfs something.
You hit the yak.
The yak is lightly wounded.
Something hits your guardian golem but does no damage.
Your guardian golem blinks!
The yak gores you!
Your corrosive artefact corrodes you!
You hit the yak.
The yak is lightly wounded.
You slash the yak!
The yak is moderately wounded.
The yak barely misses you.
You barely miss the yak.
The yak is moderately wounded.
You hit the yak. You hit the yak.
The yak is heavily wounded.
You hit the yak but do no damage. You hit something but do no damage.
The yak barely misses you. The yak gores your guardian golem.
The yak closely misses you.
You hit the yak.
The yak is heavily wounded.
You hit the yak but do no damage. You miss something. Something hits you.
Space warps horribly around you!!
* * * LOW HITPOINT WARNING * * *
You swap places.
Something hits your guardian golem but does no damage.
Space warps around your guardian golem. The yak gores you.
* * * LOW HITPOINT WARNING * * *
The yak gores your guardian golem but does no damage.
Something hits your guardian golem. Space warps around your guardian golem.
The yak gores you.
You die...

#.# #........#
#.# #........#
#.# #...######
#.# #...# #.#
..# #{# ...#
######9###...#
#....Y.Y.....#
#.....YY@....#
#......Y........
#..........#####
#..........#
#..........#
#..........#
#..........#
..........#


You could see 5 yaks and a friendly guardian golem (summoned).

Vanquished Creatures
  Prince Ribbit (D:7)
  A hornet (D:9)
  A yak (D:6)
  A black bear (D:8)
  A centaur (D:8)
  A phantom (D:7)
  2 bullfrogs (D:8)
  A scorpion (D:4)
  2 orc priests
  A hound (D:5)
  4 orc wizards
  A gnoll (D:5)
  3 adders
  A worm (D:4)
  2 dart slugs
  8 orcs
  3 endoplasms
  A giant cockroach (D:1)
  A goblin (D:1)
  A hobgoblin (D:2)
  2 quokkas
  3 ball pythons
  2 bats
  3 frilled lizards
  8 kobolds
55 creatures vanquished.

Vanquished Creatures (collateral kills)
  Jeremiah (D:6)
  A yak (D:6)
  Grum (D:8)
  A black bear (D:6)
  2 wolves (D:8)
  An ogre (D:5)
  A centaur (D:8)
  2 kobold brigands
  2 phantoms
  2 electric eels (D:6)
  A howler monkey (D:6)
  A jelly (D:6)
  3 orc priests
  A sleepcap (D:6)
  4 orc wizards
  3 gnolls
  6 adders
  2 ufetubi (D:7)
  A worm (D:3)
  2 dart slugs
  17 orcs
  A ball python (D:2)
  2 bats
  4 endoplasms
  4 giant cockroaches
  6 goblins
  6 hobgoblins
  3 quokkas
  A frilled lizard (D:3)
  8 kobolds
  5 rats
  A spectral hobgoblin (D:3)
96 creatures vanquished.

Vanquished Creatures (others)
  A two-headed ogre (D:8)
  4 yaks (D:6)
  Duvessa (D:4)
  An orc warrior (D:9)
  An ice beast (D:6)
  A phantom (D:5)
  Dowan (D:4)
  5 killer bees (D:9)
  A jelly (D:5)
  A gnoll bouda (D:5)
  3 orc priests
  2 iguanas (D:5)
  3 orc wizards
  8 gnolls
  An adder (D:5)
  A shadow imp (D:5)
  A white imp (D:5)
  An ufetubus (D:5)
  6 orcs
43 creatures vanquished.

Grand Total: 194 creatures vanquished

Notes
Turn   | Place    | Note
-------+----------+-------------------------------------------
     0 | D:1      | avis the Hill Orc Summoner began the quest for the Orb.
     0 | D:1      | Reached XP level 1. HP: 14/14 MP: 3/3
   316 | D:1      | Reached skill level 1 in Fighting
   316 | D:1      | Reached XP level 2. HP: 23/23 MP: 1/5
   362 | D:1      | Learned a level 2 spell: Call Imp
   739 | D:1      | Reached XP level 3. HP: 27/28 MP: 3/6
   823 | D:1      | Learned a level 3 spell: Call Canine Familiar
  1823 | D:2      | Noticed a nameless horror
  1984 | D:2      | Reached skill level 5 in Summonings
  2135 | D:2      | Reached XP level 4. HP: 35/35 MP: 3/7
  2731 | D:3      | Found a faded altar of an unknown god.
  2992 | D:3      | Became a worshipper of Beogh the Brigand
  3337 | D:3      | Reached XP level 5. HP: 40/40 MP: 3/9
  3390 | D:3      | Learned a level 3 spell: Summon Guardian Golem
  3933 | D:4      | Noticed a phantom
  3943 | D:4      | Killed a phantom
  4024 | D:4      | Reached XP level 6. HP: 47/47 MP: 3/11
  4170 | D:4      | Noticed Dowan
  4376 | D:4      | Reached * piety under Beogh
  4403 | D:4      | Identified the +3 hand axe of Spite {speed, *Corrode rElec
                  | rPois Str+8}
  4422 | D:4      | Noticed Duvessa
  4454 | D:4      | Found a snail-covered altar of Cheibriados.
  4456 | D:4      | Killed Duvessa
  4457 | D:4      | Reached skill level 2 in Axes
  4457 | D:4      | Reached XP level 7. HP: 15/55 MP: 13/13
  4477 | D:4      | Reached skill level 3 in Axes
  4668 | D:4      | Reached skill level 4 in Axes
  4767 | D:4      | Learned a level 4 spell: Summon Lightning Spire
  4855 | D:4      | Killed Dowan
  4856 | D:4      | Reached skill level 5 in Axes
  4978 | D:4      | Found a stormy altar of Qazlal.
  5033 | D:5      | Entered Level 5 of the Dungeon
  5113 | D:4      | Reached skill level 1 in Air Magic
  5113 | D:4      | Reached skill level 1 in Invocations
  5502 | D:5      | Reached XP level 8. HP: 58/61 MP: 11/14
  5587 | D:5      | Reached ** piety under Beogh
  6072 | D:5      | Found Tisuluewk's Antique Armour Shoppe.
  6289 | D:5      | Found a staircase to the Ecumenical Temple.
  6300 | Temple   | Entered the Ecumenical Temple
  6933 | D:6      | Reached skill level 5 in Invocations
  7032 | D:6      | Noticed Jeremiah
  7475 | D:6      | Reached skill level 6 in Axes
  7481 | D:6      | Killed Jeremiah
  7482 | D:6      | Reached skill level 8 in Axes
  7482 | D:6      | Reached XP level 9. HP: 69/69 MP: 3/15
  7715 | D:6      | Reached *** piety under Beogh
  7716 | D:6      | Reached skill level 10 in Axes
  7741 | D:6      | Reached skill level 5 in Fighting
  8420 | D:7      | Noticed Prince Ribbit
  8436 | D:7      | Killed Prince Ribbit
  8659 | D:7      | Reached skill level 11 in Axes
 10071 | D:8      | Reached XP level 10. HP: 81/81 MP: 11/16
 10108 | D:8      | Noticed Grum
 10146 | D:8      | Killed Grum
 10351 | D:8      | Found Teotept's Antique Weapon Boutique.
 10371 | D:8      | Noticed a two-headed ogre
 10384 | D:8      | Killed a two-headed ogre
 10385 | D:8      | Reached skill level 12 in Axes
 10705 | D:8      | Found an ancient bone altar of Kikubaaqudgha.
 10741 | D:8      | Found a hide-covered altar of Uskayaw.
 11471 | D:9      | Paralysed by a hornet for 3 turns
 12034 | D:9      | Noticed Psyche
 12067 | D:9      | Slain by a yak

Illustrated notes

Levels and vault maps discovered:
D:1:      lightli_arrival_farm, layout_basic
D:2:      layout_loops_ring, minmay_tetromino_o4
D:3:      layout_basic, dreamdust_ecumenical_altar_drowned_temple,
          minmay_misc_feat_x
D:4:      layout_rooms, mainiacjoe_overflow_swirl, uniq_duvessa
D:5:      layout_loops_ring, minmay_temple_entry_mist, serial_shops, shop,
          minmay_fractal_squares_gapless_5
D:6:      layout_cave_pools, serial_bayou, serial_bayou_lagoon_a,
          serial_bayou_crossing, serial_bayou_ford_a, serial_bayou_pond_c,
          serial_bayou_pond_c, uniq_jeremiah
D:7:      layout_basic, serial_co_window_serial, co_window_corner_a,
          co_window_corner_a, co_window_paths_b, co_window_paths_a,
          co_window_paths_b, co_window_unsneaky_path_e, co_window_2corner,
          co_window_cross_2, serial_library_hellmonk_double_dead_end,
          uniq_prince_ribbit1
D:8:      layout_basic, mainiacjoe_overflow_two_lobes, serial_shops, shop,
          minmay_misc_feat_columns, uniq_grum
D:9:      layout_basic, lair_entry_dummy, enter_bailey_2, uniq_psyche
Temple:   regret_index_temple_mists

Skill      XL: |  1  2  3  4  5  6  7  8  9 10 |
---------------+-------------------------------+-----
Spellcasting   | 2 3 4 |  4.0
Fighting       | 1 2 3 5 |  5.0
Summonings     | 5 6 |  6.0
Axes           | 2 5 8 11 12 | 12.5
Air Magic      | 2 4 |  4.0
Invocations    | 2 5 8 |  8.8
Dodging        | |  1.5
Stealth        | |  1.5

Action                     |  1- 3 |  4- 6 |  7- 9 | 10-12 || total
---------------------------+-------+-------+-------+-------++-------
  Melee: Unarmed           |    12 |       |       |       ||    12
         Hand axe          |     5 |     9 |   144 |    74 ||   232
         Spear             |    31 |    57 |     2 |       ||    90
         Punch             |     1 |       |     1 |       ||     2
         War axe           |       |     3 |       |       ||     3
  Throw: Boomerang         |     8 |       |       |       ||     8
   Cast: Summon Small Mamm |    15 |    16 |     2 |       ||    33
         Call Imp          |     8 |    11 |    12 |     1 ||    32
         Call Canine Famil |     9 |    29 |    25 |     5 ||    68
         Summon Guardian G |       |     3 |    27 |    10 ||    40
         Summon Lightning  |       |       |    14 |     5 ||    19
 Invoke: Convert to Beogh  |       |     1 |       |       ||     1
    Use: Potion            |       |     1 |       |     1 ||     2
         Scroll            |       |       |     4 |       ||     4
   Stab: Sleeping          |     5 |       |       |     1 ||     6
         Distracted        |     1 |     2 |     1 |       ||     4
 Armour: Robe              |    12 |       |       |       ||    12
         Leather armour    |    14 |    16 |    79 |    66 ||   175
  Dodge: Dodged            |    38 |    20 |    71 |    42 ||   171

Table legend: (Time is in decaauts)
 A = Elapsed time spent in this place.
 B = Non-inter-level travel time spent in this place.
 C = Inter-level travel time spent in this place.
 D = Time resting spent in this place.
 E = Time spent auto-exploring this place.
 F = Levels seen in this place.
 G = Mean time per level.
                   A        B        C        D        E       F      G
               +--------+--------+--------+--------+--------+-----+--------+
         Total |  12068 |  10516 |   1552 |   2900 |   4569 |  10 | 1206.8 |
       Dungeon |  12002 |  10450 |   1552 |   2900 |   4569 |   9 | 1333.6 |
        Temple |     65 |     65 |      0 |      0 |      0 |   1 |   65.0 |
               +--------+--------+--------+--------+--------+-----+--------+

Top non-repeatable levels by time:
     D:8: 1845 daAuts
     D:1: 1773 daAuts
     D:5: 1759 daAuts
     D:7: 1548 daAuts
     D:4: 1455 daAuts
     D:6: 1372 daAuts
     D:3: 1061 daAuts
     D:2: 978 daAuts
     D:9: 207 daAuts
  Temple: 65 daAuts
